 Dungeon Crawl Stone Soup version 0.21.1-1-g345015f (webtiles) character file.

65 letownia3 the Conjurer (level 3, 24/24 HPs)
             Began as a Demonspawn Wizard on Feb 7, 2018.
             Quit the game on level 3 of the Dungeon.
             The game lasted 00:03:51 (1835 turns).

letownia3 the Conjurer (Demonspawn Wizard)          Turns: 1835, Time: 00:03:52

Health: 24/24      AC:  3    Str:  8    XL:     3   Next: 94%
Magic:  2/7        EV: 11    Int: 19    God:
Gold:   50         SH:  4    Dex: 11    Spells: 1/8 levels left

rFire    . . .     SeeInvis .   m - +0 short sword
rCold    . . .     Gourm    .   (no shield)
rNeg     . . .     Faith    .   l - +0 leather armour
rPois    .         Spirit   .   b - +0 hat
rElec    .         Reflect  .   (no cloak)
rCorr    .         Harm     .   (no gloves)
MR       .....                  (no boots)
Stlth    +.........             (no amulet)
HPRegen  0.08/turn              (no ring)
MPRegen  0.10/turn              (no ring)

@: no status effects
A: antennae 1, large bone plates 1
a: no special abilities


You were on level 3 of the Dungeon.
You were very hungry.

You visited 1 branch of the dungeon, and saw 4 of its levels.

You collected 50 gold pieces.

Inventory:

Hand Weapons
 e - a +0 dagger
 m - a +0 short sword (weapon)
Missiles
 f - 6 curare-tipped needles
Armour
 a - a +0 robe
 b - a +0 hat (worn)
 l - a +0 leather armour (worn)
Wands
 n - a wand of flame (24)
Scrolls
 g - a scroll of amnesia {unknown}
 h - 2 scrolls of identify {unknown}
 i - a scroll of fog {unknown}
 j - 2 scrolls of magic mapping {unknown}
 k - a scroll of remove curse {unknown}
 p - a scroll of enchant armour {unknown}
Potions
 o - 2 potions of curing {unknown}
Books
 c - a book of Minor Magic

   Spells                             Type                      Level
   a - Magic Dart                     Conjuration                  1
   b - Blink                          Translocation                2
   c - Call Imp                       Summoning                    2
   d - Slow                           Hexes                        2
   e - Conjure Flame                  Conjuration/Fire             3
   f - Mephitic Cloud                 Conjuration/Poison/Air       3
Comestibles
 d - 3 rations


   Skills:
 - Level 1.7 Dodging
 - Level 1.7 Stealth
 - Level 3.0 Spellcasting
 * Level 3.6 Conjurations
   Level 1.0 Summonings
   Level 0.8 Translocations
 + Level 0.3 Fire Magic
 + Level 0.3 Air Magic
 + Level 0.4 Poison Magic


You had one spell level left.
You knew the following spells:

 Your Spells              Type           Power        Failure   Level  Hunger
a - Magic Dart            Conj           ###.         4%          1    None
c - Conjure Flame         Conj/Fire      ##......     30%         3    ###....
e - Mephitic Cloud        Conj/Pois/Air  #.......     36%         3    ###....


Dungeon Overview and Level Annotations

Branches:
Dungeon (4/15)
 Temple: D:4-7

Altars:

Annotations:
D:4 Duvessa


Innate Abilities, Weirdness & Mutations

You have a pair of small antennae on your head.
You are partially covered in large bone plates. (SH +4)


Message History

Aiming: Magic Dart
Press: ? - help, Shift-Dir - straight line, f/p - adder
Aim: an adder (severely wounded)
The magic dart hits the adder.
You kill the adder!
Casting: Magic Dart
Confirm with . or Enter, or press ? or * to list all spells.
You can't see any susceptible monsters within range! (Use Z to cast anyway.)
Casting: Magic Dart
Confirm with . or Enter, or press ? or * to list all spells.
You can't see any susceptible monsters within range! (Use Z to cast anyway.)
Casting: Magic Dart
Confirm with . or Enter, or press ? or * to list all spells.
You can't see any susceptible monsters within range! (Use Z to cast anyway.)
p - a scroll labeled WINEOXY VUDA You are feeling very hungry.
Are you sure you want to abandon this character and quit the game? (Confirm with "yes".)
Okay, then.
Unknown command.
Are you sure you want to abandon this character and quit the game? (Confirm with "yes".)

### ### ##.## # ..#
##...## # #.#
##.....# ## #.#
##.#...####.
####.#####.#.........
#...........##.#####.
#.##.#########.# ##
#.##.##@# ##+##
#.......# ##...##
####.#### ##.....##
.. ##.......## #.
#.........## ..
+.........'. #
#.........##
##.......## ##.....##


There were no monsters in sight!

Vanquished Creatures
  4 adders
  A worm (D:3)
  A dart slug (D:2)
  3 leopard geckos
  An orc (D:3)
  2 hobgoblins (D:3)
  2 jackals (D:2)
  A kobold (D:3)
  2 bats
  A frilled lizard (D:2)
  2 goblins
  2 rats (D:3)
22 creatures vanquished.

Notes
Turn   | Place    | Note
-------+----------+-------------------------------------------
     0 | D:1      | letownia3 the Demonspawn Wizard began the quest for the Orb.
     0 | D:1      | Reached XP level 1. HP: 13/13 MP: 4/4
   316 | D:2      | Gained mutation: You are partially covered in large bone plates. (SH +4) [demonic ancestry]
   316 | D:2      | Reached XP level 2. HP: 18/19 MP: 3/6
   518 | D:2      | Gained mutation: You have a pair of small antennae on your head. [demonic ancestry]
   518 | D:2      | Reached XP level 3. HP: 24/24 MP: 3/7
   601 | D:2      | Learned a level 3 spell: Mephitic Cloud
   605 | D:2      | Learned a level 3 spell: Conjure Flame
  1048 | D:3      | Noticed a necrophage
  1392 | D:3      | HP: 1/24 [orc/short sword (3)]
  1766 | D:4      | Noticed Duvessa
  1835 | D:3      | Quit the game

Skill      XL: |  1  2 |
---------------+-------+-----
Conjurations   | 2 3 |  3.6
Dodging        | |  1.7
Stealth        | |  1.7
Spellcasting   | |  3.0
Summonings     | |  1.0
Translocations | |  0.8
Fire Magic     | |  0.3
Air Magic      | |  0.3
Poison Magic   | |  0.4

Action                   || total
-------------------------++-------
Melee: Dagger            ||    16
       Unarmed           ||     1
 Cast: Magic Dart        ||    72
       Conjure Flame     ||     2
  Eat: Chunk             ||     2
Armor: Robe              ||     4
       Leather armour    ||     1
Dodge: Dodged            ||    28
Block: Other             ||     5
